 Dungeon Crawl Stone Soup version 0.14-a0-155-gd989017 (webtiles) character file.

444 PolkaDot the Ruffian (level 6, -3/61 HPs)
             Began as a Troll Monk on Oct 4, 2013.
             Killed by divine providence
             ... invoked by an orc priest
              (7 damage)
             ... on Level 4 of the Dungeon.
             The game lasted 00:09:18 (2093 turns).

PolkaDot the Ruffian (Troll Monk)                   Turns: 2093, Time: 00:09:18

HP  -3/61        AC  7     Str 25      XL: 6   Next: 17%
MP   0/2         EV 11     Int  6      God:
Gold 134         SH  0     Dex 14      Spells:  0 memorised,  5 levels left

Res.Fire  : . . .   See Invis. : .     - Unarmed
Res.Cold  : . . .   Warding    : .   a - +2 robe
Life Prot.: . . .   Conserve   : .   (shield restricted)
Res.Poison: +       Res.Corr.  : .   (helmet restricted)
Res.Elec. : .       Clarity    : .   (no cloak)
Sust.Abil.: . .     Spirit.Shd : +   (gloves unavailable)
Res.Mut.  : .       Stasis     : .   (boots unavailable)
Res.Rott. : .       Flight     : .   g - amulet of guardian spirit
Gourmand  : +                        s - ring of poison resistance
                                     h - ring of protection from magic

@: mighty, somewhat resistant to hostile enchantments, unstealthy
A: unfitting armour, claws 3, fast metabolism 3, gourmand, regeneration 2,
saprovore 2, tough skin 2, AC +1
a: no special abilities


You were on level 4 of the Dungeon.
You were completely stuffed.

You visited 1 branch of the dungeon, and saw 4 of its levels.

You collected 134 gold pieces.

Inventory:

Missiles
 e - 4 large rocks (quivered)
Armour
 a - a +2 robe (worn)
Magical devices
 f - a wand of confusion (11) {unknown}
Comestibles
 b - 3 meat rations
 c - 2 chokos
 i - 2 chunks of goblin flesh
 j - 4 bread rations
 m - a chunk of rat flesh
 t - a chunk of adder flesh
Scrolls
 d - a scroll of amnesia
Jewellery
 g - an amulet of guardian spirit (around neck)
 h - a ring of protection from magic (left claw)
 s - a ring of poison resistance (right claw)
Books
 n - a book of Frost

   Spells                             Type                      Level
   Freeze                             Ice                          1
   Throw Frost                        Conjuration/Ice              2
   Ozocubu's Armour                   Charms/Ice                   3
   Throw Icicle                       Conjuration/Ice              4
   Summon Ice Beast                   Ice/Summoning                4
   Condensation Shield                Ice                          4


   Skills:
 * Level 4.0 Fighting
 - Level 2.0 Throwing
 + Level 2.7 Dodging
 - Level 1.1 Stealth
 * Level 5.6 Unarmed Combat


You had 5 spell levels left.
You didn't know any spells.

Dungeon Overview and Level Annotations

Branches:
Dungeon (4/27)             Temple (0/1) D:4

Altars:


Innate Abilities, Weirdness & Mutations

You are too large for most types of armour.
You have claws for hands.
Your metabolism is lightning-fast.
You like to eat raw meat.
You heal very quickly.
You can eat rotten meat.
You are covered in fur (AC +1).
You have very tough skin (AC +2).


Message History

Read which item? (? for menu, Esc to quit)
As you read the scroll labeled LENILI VOSIDEO, it crumbles to dust.
Nothing appears to happen.
Drink which item? (? for menu, Esc to quit)
You feel very mighty all of a sudden. The orc wizard barely misses you.
You hit the orc wizard.
The orc wizard begins to bleed from its wounds!
The orc wizard is moderately wounded.
The orc wizard gestures at you while chanting.
The puff of flame misses you.
You closely miss the orc wizard.
The orc wizard is moderately wounded.
The orc wizard barely misses you.
The orc wizard casts a spell.
The orc wizard flickers and vanishes!
Deactivating autopickup; reactivate with Ctrl-A.
The orc priest mumbles some strange prayers to Beogh against you.
Something smites you!
You die...

.........................
.........................
.......o................
.#............!.........
##....................#
#####o####.#####..####
#.# #.#####..# #o#
#........# #@#
#........#### #.#
#............ #.#
#...#+###'##.
#........#......#.
#........#......#.
.........#......#.
.........#......#.
......... #......#.
........ .######'#.


You could see an orc priest, an orc wizard (bleeding) and an orc.

Vanquished Creatures
  A phantom (D:4)
  A hound (D:4)
  An orc wizard (D:3)
  7 adders
  A giant mite (D:1)
  3 giant geckos (D:2)
  An ooze (D:3)
  2 orcs (D:3)
  5 giant cockroaches
  6 hobgoblins
  9 kobolds
  2 quokkas
  2 ball pythons (D:1)
  4 bats
  5 giant newts
  10 goblins
  2 jackals (D:3)
  8 rats
70 creatures vanquished.

Vanquished Creatures (others)
  An orc wizard (D:4)
1 creature vanquished.

Grand Total: 71 creatures vanquished

Notes
Turn   | Place    | Note
--------------------------------------------------------------
     0 | D:1      | PolkaDot, the Troll Monk, began the quest for the Orb.
     0 | D:1      | Reached XP level 1. HP: 20/20 MP: 0/0
   111 | D:1      | Reached XP level 2. HP: 26/28 MP: 0/0
   457 | D:1      | Reached XP level 3. HP: 36/36 MP: 1/1
  1250 | D:2      | Reached XP level 4. HP: 44/44 MP: 1/1
  1470 | D:3      | Reached skill level 1 in Throwing
  1691 | D:3      | Reached skill level 5 in Unarmed Combat
  1691 | D:3      | Reached XP level 5. HP: 37/52 MP: 1/1
  2021 | D:4      | Noticed a phantom
  2041 | D:4      | Killed a phantom
  2049 | D:4      | Reached XP level 6. HP: 47/59 MP: 2/2
  2061 | D:4      | Found a staircase to the Ecumenical Temple.
  2089 | D:4      | HP: 1/61 [orc wizard/puff of frost (12)]
  2093 | D:4      | Killed from afar by an orc priest

Action                   |  1- 3 |  4- 6 || total
-------------------------+-------+-------++-------
Melee: Unarmed           |   113 |    91 ||   204
Throw: Large rock        |     4 |       ||     4
  Use: Potion            |       |     7 ||     7
       Scroll            |       |    10 ||    10
 Stab: Sleeping          |     3 |     1 ||     4
